 Dungeon Crawl Stone Soup version 0.31-a0-986-g5e6e4ef867 (webtiles) character file.

Game seed: 924577213842570177

380 avis the Ducker (level 6, 23/28 HPs)
             Began as a Felid Shapeshifter on Nov 16, 2023.
             Got out of the dungeon alive.
             The game lasted 00:17:22 (3229 turns).

avis the Ducker (Felid Shapeshifter)                Turns: 3229, Time: 00:17:23

Health: 23/28      AC:  2    Str: 10    XL:     6   Next: 46%
Magic:  7/7        EV: 20    Int: 12    God:
Gold:   141        SH:  0    Dex: 17    Spells: 5/5 levels left
                                        Lives:  0   Deaths: 2

rFire   + .          .
                       - Unarmed
rCold   . . .        (shield unavailable)
rNeg    . . .        (body armour unavailable)
rPois   .            (helmet unavailable)
rElec   .            (cloak unavailable)
rCorr   .            (gloves unavailable)
SInv    +            (boots unavailable)
Will    .....        (no amulet)
Stlth   ++           o - ring of protection from fire
HPRegen 0.24/turn    (no ring)
MPRegen 0.10/turn

%: no passive effects
@: beast-form, quick
A: beast (slay +3), very small, claws 1, fangs 3, see invisible, speed 1, shaggy
fur 2, stealthy paws, no weapons or thrown items, no armour, multi-lived
a: Begin Untransformation


You escaped.
You were a hulking beast.
You visited 1 branch of the dungeon, and saw 4 of its levels.

You collected 141 gold pieces.

Inventory:

Jewellery
 o - a ring of protection from fire (left paw)
Talismans
 b - a beast talisman
 c - a flux talisman
Scrolls
 d - a scroll of enchant armour {unknown}
 f - a scroll of immolation {unknown}
 g - 2 scrolls of teleportation
 k - a scroll of vulnerability {unknown}
 m - a scroll of blinking {unknown}
 p - a scroll of torment {unknown}
Potions
 a - a potion of degeneration
 e - a potion of heal wounds
 h - a potion of cancellation {unknown}
 i - a potion of might {unknown}
 j - 3 potions of ambrosia
 n - a potion of resistance {unknown}
 q - a potion of enlightenment {unknown}


   Skills:
 - Level 3.0 Fighting
 * Level 6.2 Dodging
 - Level 3.0 Unarmed Combat
 - Level 5.3 Shapeshifting


You had 5 spell levels left.
You didn't know any spells.
Your spell library contained the following spells:

 Spells                   Type           Power      Damage    Failure   Level
 Necrotise                Necr           0%         1d4       32%         1
 Sting                    Tmut/Pois      0%         1d3       32%         1
 Vampiric Draining        Necr           0%         2d6       69%         3
 Agony                    Necr           0%         N/A       100%        5


Dungeon Overview and Level Annotations

Branches:
Dungeon (4/15)
 Temple: D:4-7

Altars:
Sif Muna
Trog

Shops:
D:4 [

Annotations:
D:4 Pikel


Innate Abilities, Weirdness & Mutations

You are a hulking beast.
Your limbs bulge with bestial killing power. (Slay +3)
You have sharp claws.
You have razor-sharp teeth.
You have supernaturally acute eyesight. (SInv)
You cover ground quickly. (Speed+)
You are covered in thick fur. (AC +2)
Your paws help you pounce on unaware monsters.
You are incapable of wielding weapons or throwing items.
You cannot wear armour.
You gain extra lives every three experience levels.


Message History

Your shape twists and changes as you die.
You rejoin the land of the living...
The lemure shouts! x2
The lemure barely misses you.
The lemure shouts!
You scratch the lemure but do no damage.
The lemure hits you.
You scratch the lemure.
The lemure is lightly wounded.
The lemure completely misses you.
You barely miss the lemure.
The lemure is lightly wounded.
The lemure closely misses you. The lemure misses you.
You scratch the lemure.
The lemure is lightly wounded.
The lemure hits you!
You claw the lemure!
The lemure is moderately wounded.
The lemure barely misses you. The lemure hits you.
You barely miss the lemure.
The lemure is moderately wounded.
The lemure hits you!
* * * LOW HITPOINT WARNING * * *
The lemure misses you.
There is an open door here.
There is an open door here.
There is an open door here.
Pikel says, "You'll feel the lick of my whip!"
There is a stone staircase leading up here.
You climb upwards.
There is a stone staircase leading down here.
There is a stone staircase leading up, spattered with blood here.
You climb upwards.
There is a stone staircase leading down, spattered with blood here.
There is a stone staircase leading up here.
You climb upwards.
There is a stone staircase leading down here.
There is an open door here.
There is a staircase leading out of the dungeon here.
You have escaped!

........###...#####.#####.######.
........# #...#...#.#...#.....##.
######### ###.#...'.#.>.#...#>##.
# #.#...#.#...#..##.##. #
#.#####.##'##.###.##. #
#.............###...# #
#.##'##.#####..####.# #####
#.#...#.#...#..# #.# ....#
#.#.h.#.'...#..# #.# ###.###
###.#...#.#...#..# #.#
......#####...#####.#####..# #.#
###.#.##....#..............# #.#
...........#############.#.# #.#
.............# #...# #.#
........#.##.# ###.## #.#
###.....#.##.# ##...###.#
###.....#.##.###########.....##.#


There were no monsters in sight!

Vanquished Creatures
  Sigmund (D:3)
  Blork the orc (D:4)
  Robin (D:2)
  A gnoll (D:3)
  4 adders
  A white imp (D:3)
  A worm (D:2)
  2 dart slugs
  4 ball pythons
  5 bats
  7 endoplasms
  A giant cockroach (D:2)
  14 goblins
  9 hobgoblins
  9 jackals
  3 quokkas
  2 frilled lizards (D:3)
  11 kobolds
  6 rats
83 creatures vanquished.

Notes
Turn   | Place    | Note
-------+----------+-------------------------------------------
     0 | D:1      | avis the Felid Shapeshifter began the quest for the Orb.
     0 | D:1      | Reached XP level 1. HP: 9/9 MP: 2/2
   155 | D:1      | Reached XP level 2. HP: 6/13 MP: 3/3
   327 | D:1      | Reached skill level 3 in Dodging
   987 | D:2      | Reached XP level 3. HP: 16/16 MP: 4/4
  1044 | D:2      | Noticed Robin
  1045 | D:2      | Reached skill level 4 in Dodging
  1048 | D:2      | Killed Robin
  1204 | D:2      | Reached XP level 4. HP: 20/21 MP: 5/5
  1659 | D:3      | Identified the of Lorotiot
  1692 | D:3      | Noticed Sigmund
  1765 | D:3      | Killed Sigmund
  1766 | D:3      | Reached skill level 6 in Dodging
  1766 | D:3      | Reached XP level 5. HP: 24/24 MP: 6/6
  2028 | D:3      | Gained mutation: You are covered in thick fur. (AC +2)
                  | [Felid growth]
  2028 | D:3      | Reached XP level 6. HP: 23/28 MP: 7/7
  2092 | D:3      | Found a bloodstained altar of Trog.
  2161 | D:3      | Found a shimmering blue altar of Sif Muna.
  2428 | D:4      | Found Lank's Antique Armour Shoppe.
  2576 | D:4      | Noticed Blork the orc
  2591 | D:4      | Killed Blork the orc
  2592 | D:4      | Reached skill level 5 in Shapeshifting
  2668 | D:4      | Noticed Pikel
  2675 | D:4      | Slain by Pikel
  3109 | D:4      | Slain by Pikel
  3229 | D:$      | Got out of the dungeon alive.

Illustrated notes

Levels and vault maps discovered:
D:1:      minmay_arrival_four_houses, layout_loops_ring
D:2:      layout_loops_ring, uniq_robin
D:3:      layout_basic, nzn_overflow_gifts_of_might_and_magic, serial_glass,
          glass_columns_c, glass_columns_a, uniq_sigmund
D:4:      minmay_skewed_foursquare, layout_gridville, serial_shops, shop,
          uniq_blork_the_orc, uniq_pikel

Skill      XL: |  1  2  3  4  5  6 |
---------------+-------------------+-----
Fighting       | 2 3 |  3.0
Dodging        | 3 4 6 |  6.2
Shapeshifting  | 4 5 |  5.3
Unarmed Combat | |  3.0

Action                     |  1- 3 |  4- 6 || total
---------------------------+-------+-------++-------
  Melee: Unarmed           |    70 |   136 ||   206
         Bite              |     7 |    10 ||    17
         Punch             |     1 |     2 ||     3
    Use: Potion            |       |     3 ||     3
         Scroll            |       |     3 ||     3
   Stab: Sleeping          |     4 |     1 ||     5
 Armour: Skin              |    20 |    67 ||    87
  Dodge: Dodged            |    35 |   102 ||   137

Table legend: (Time is in decaauts)
 A = Elapsed time spent in this place.
 B = Non-inter-level travel time spent in this place.
 C = Inter-level travel time spent in this place.
 D = Time resting spent in this place.
 E = Time spent auto-exploring this place.
 F = Levels seen in this place.
 G = Mean time per level.
                   A        B        C        D        E       F      G
               +--------+--------+--------+--------+--------+-----+--------+
         Total |   2716 |   2355 |    361 |    279 |   1252 |   4 |  679.0 |
       Dungeon |   2716 |   2355 |    361 |    279 |   1252 |   4 |  679.0 |
               +--------+--------+--------+--------+--------+-----+--------+

Top non-repeatable levels by time:
     D:2: 823 daAuts
     D:1: 715 daAuts
     D:4: 589 daAuts
     D:3: 587 daAuts
